Map: Terraplenes de priones

Players

xXkazperXx

  • Race: Zerg Zerg
  • League: Bronze

RoboGyro - Winner!

  • Race: Terran Terran

VOD

Have the link to the VOD?

Description

Time

  • Played on: April 10, 2016, 12:07 p.m.
  • Length: 19:18
Show
View Real Time Build Order
Export as new Build Order

xXkazperXx Zerg 

Build Orders: Pool First 

Get SALT Encoding   

  12  0:01  Drone  
  13  0:11  Drone  
  14  0:17  Overlord  
  14  0:29  Extractor  
  14  0:33  Drone  
  14  0:37  Drone x2  
  16  0:54  Drone  
  17  1:05  Spawning Pool  
  17  1:08  Drone x2  
  18  1:18  Drone  
  19  1:28  Overlord  
  19  1:52  Zergling x4  
  19  1:53  Queen  
  23  1:56  Roach Warren  
  23  2:01  Drone, Extractor  
  22  2:20  Drone  
  22  2:22  Drone  
  26  2:37  Roach  
  26  2:45  Lair  
  26  2:46  Roach  
  28  2:56  Roach  
  30  3:09  Overlord  
  30  3:15  Spine Crawler  
  30  3:16  Spine Crawler  
  30  3:17  Roach  
  30  3:28  Roach x2  
  34  3:55  Roach x2  
  38  3:56  Overlord  
  38  4:11  Spine Crawler  
  38  4:15  Roach x3  
  43  4:25  Hatchery  
  42  4:37  Hydralisk Den  
  41  4:41  Burrow  
  41  4:44  Drone  
  42  4:49  Drone  
  43  5:29  Roach  
  43  5:30  Overlord x2  
  45  5:40  Hydralisk  
  47  5:47  Drone  
  47  6:42  Hydralisk x4  
  47  6:43  Hydralisk x2  
  47  6:46  Extractor  
  58  6:49  Queen  
  60  7:14  Lurker Den  
  60  7:21  Drone x6  
  66  7:40  Zergling x4  
  66  7:41  Overlord x2  
  68  7:49  Tunneling Claws  
  68  8:01  Drone x4  
  71  8:56  Spire  
  71  9:01  Hydralisk x4  
  78  9:04  Roach x2  
  78  9:05  Overlord  
  82  9:25  Hatchery  
  79  10:16  Mutalisk x5  
  79  10:18  Mutalisk  
  79  10:19  Overlord x2  
  79  10:20  Overlord  
  91  10:26  Hatchery  
  90  10:30  Roach x11  
  90  10:38  Drone  
  91  10:50  Ravager x5  
  91  10:51  Ravager x6  
  102  11:31  Infestation Pit  
  101  11:33  Drone x5  
  101  11:34  Drone  
  101  11:36  Extractor  
  106  12:02  Mutalisk x5  
  106  12:05  Hydralisk x4  
  106  12:06  Hydralisk x7  
  116  12:27  Roach x2  
  114  12:54  Corruptor x3  
  120  13:06  Drone x3  
  120  13:11  Drone x2  
  120  13:12  Drone  
  126  13:30  Hive  
  126  13:45  Evolution Chamber  
  126  13:47  Metabolic Boost  
  125  13:50  Muscular Augments  
  125  13:58  Corruptor  
  125  14:00  Overlord x2  
  125  14:01  Overlord x3  
  127  14:24  Mutalisk  
  127  14:25  Mutalisk x3  
  135  15:18  Extractor  
  135  15:19  Extractor  
  133  15:25  Lurker  
  133  15:26  Lurker x2  
  136  15:28  Hydralisk x2  
  140  15:37  Drone  
  140  15:38  Drone x4  
  140  15:39  Drone x9  
  140  15:40  Drone  
  155  15:47  Extractor  
  155  15:48  Extractor  
  153  16:13  Greater Spire  
  149  17:05  Corruptor x3  
  154  17:34  Pneumatized Carapace  
  154  18:02  Ultralisk Cavern  
  154  18:03  Corruptor x3  
  159  18:21  Drone x3  
Show
View Real Time Build Order
Export as new Build Order

RoboGyro Terran - Winner!

Build Orders:  

Get SALT Encoding   

  12  0:03  SCV  
  13  0:23  Supply Depot  
  13  0:26  SCV  
  14  0:38  SCV  
  15  0:46  Barracks  
  15  0:51  SCV  
  16  1:03  SCV  
  17  1:07  Supply Depot  
  17  1:16  SCV  
  18  1:27  Barracks  
  18  1:28  SCV  
  19  1:35  Supply Depot  
  19  1:48  Marine  
  20  2:00  Command Center  
  20  2:06  Marine  
  21  2:19  Marine  
  22  2:31  SCV  
  22  2:33  Refinery  
  22  2:35  Refinery  
  22  2:36  Marine  
  24  2:42  Engineering Bay  
  24  2:43  SCV  
  25  2:48  Marine  
  26  2:54  Marine  
  26  2:55  SCV  
  28  3:06  Marine  
  28  3:07  SCV  
  30  3:19  SCV  
  31  3:23  Factory  
  31  3:30  SCV  
  31  3:31  SCV  
  33  3:42  SCV  
  33  3:43  Missile Turret  
  33  3:44  SCV  
  35  3:52  Marine x2  
  35  3:54  SCV  
  38  3:56  SCV  
  38  3:58  Terran Infantry Weapons Level 1  
  39  4:06  SCV  
  39  4:08  SCV  
  41  4:10  Marine  
  41  4:15  Marine, Missile Turret  
  43  4:18  SCV  
  44  4:28  Marine  
  44  4:30  SCV  
  46  4:33  Factory Tech Lab  
  46  4:36  Refinery  
  46  4:41  Factory  
  45  5:15  Marine x2  
  45  5:17  Siege Tank  
  50  5:25  Factory Tech Lab  
  50  5:30  Starport  
  50  5:46  Marine  
  50  5:47  Marine  
  52  5:51  SCV  
  52  5:53  Terran Infantry Armor Level 1  
  53  6:02  Refinery  
  53  6:03  SCV  
  54  6:18  Supply Depot  
  54  6:24  Supply Depot  
  54  6:35  Missile Turret  
  54  6:39  Marine x2, Siege Tank x2  
  62  6:48  Supply Depot  
  62  6:50  Medivac  
  64  6:57  Marine  
  65  7:02  Supply Depot  
  65  7:09  Marine  
  65  7:11  Siege Tank x2  
  65  7:12  Supply Depot  
  65  7:15  Marine  
  73  7:20  Medivac, Barracks  
  75  7:25  Supply Depot  
  75  7:27  Marine  
  76  7:33  Liberator  
  76  7:44  Siege Tank  
  82  8:23  Siege Tank  
  83  8:30  Supply Depot  
  83  8:36  Missile Turret  
  83  8:45  Armory  
  86  8:51  Starport Reactor  
  86  8:52  Supply Depot  
  83  8:57  Barracks Tech Lab  
  83  8:58  Missile Turret  
  83  9:04  Missile Turret  
  83  9:06  Marine x2  
  85  9:11  Siege Tank x2  
  85  9:15  Supply Depot  
  91  9:23  Marine  
  91  9:24  Marine  
  93  9:25  Missile Turret  
  93  9:27  Combat Shields  
  93  9:32  Orbital Command  
  93  9:36  Orbital Command  
  93  9:39  Terran Vehicle Weapons Level 1  
  93  9:41  Marine x2  
  93  9:43  Armory  
  93  9:44  Terran Infantry Weapons Level 2  
  95  9:52  Supply Depot  
  95  9:55  Drilling Claws  
  95  9:59  Marine x2, Widow Mine x2  
  101  10:01  Liberator x2  
  101  10:08  Marine  
  102  10:16  Supply Depot  
  102  10:17  Marine x2  
  110  10:26  Marine  
  110  10:27  Widow Mine x2  
  115  10:32  Terran Vehicle And Ship Armor Level 1  
  115  10:35  Marine x2  
  117  10:39  Supply Depot  
  117  10:44  Marine  
  117  10:47  Stimpack  
  118  10:56  Widow Mine  
  120  11:07  Widow Mine  
  122  11:23  Starport  
  122  11:24  Widow Mine  
  124  11:36  Widow Mine  
  126  11:59  Terran Infantry Armor Level 2  
  126  12:47  Liberator x2  
  126  13:02  Starport Tech Lab  
  132  13:18  Missile Turret  
  132  13:22  Marine x3  
  132  13:27  Thor x2  
  147  13:39  Marine  
  147  13:40  Marine x2  
  150  13:42  Fusion Core  
  150  13:49  Supply Depot  
  150  13:53  Liberator x2  
  150  14:01  Supply Depot  
  150  14:10  Marine x2  
  150  14:12  Supply Depot  
  150  14:16  Liberator  
  158  14:22  Marine, Siege Tank x2  
  165  14:25  Supply Depot  
  165  14:28  Marine  
  166  14:33  Marine  
  166  14:35  Supply Depot  
  166  14:36  Liberator x2  
  170  14:40  Marine  
  171  14:51  Marine  
  172  14:58  Siege Tank x2  
  172  14:59  Liberator  
  184  15:19  Liberator  
  182  16:34  Marine x2  
  184  16:52  Marine  
  185  16:58  Missile Turret  
  185  17:03  Missile Turret  
  185  17:09  Bunker  
  185  17:17  Missile Turret  
  185  17:23  Missile Turret  
  185  17:28  Command Center  
  185  17:34  Missile Turret  
Tags
 
Add a new tag
Caveats
  • Supply blocks, unpowered buildings, or Contaminate may cause inaccurate times.
  • Supply counts are checked every 10 seconds.